 Dungeon Crawl Stone Soup version 0.30-a0-377-g5cb311bc9f (webtiles) character file.

Game seed: 16435899466486837612

212 jfcaron the Vexing (level 5, -2/41 HPs)
             Began as a Gnoll Hexslinger on Nov 29, 2022.
             Was a Believer of Dithmenos.
             Killed from afar by an orc wizard (6 damage)
             ... with a magic dart
             ... on level 3 of the Dungeon.
             The game lasted 00:07:05 (1863 turns).

jfcaron the Vexing (Gnoll Hexslinger)               Turns: 1863, Time: 00:07:05

Health: -2/41      AC:  4    Str: 11    XL:     5   Next: 89%
Magic:  4/9        EV: 14    Int: 11    God:    Dithmenos [**....]
Gold:   133        SH:  0    Dex: 16    Spells: 3/10 levels left

rFire   . . .      SeeInvis +    a - +1 sling
rCold   . . .      Faith    .    (no shield)
rNeg    . . .      Spirit   .    c - +0 robe
rPois   .          Reflect  .    (no helmet)
rElec   +          Harm     .    (no cloak)
rCorr   .          Rampage  .    (no gloves)
Will    .....                    j - +1 pair of boots
Stlth   ++........               (no amulet)
HPRegen 0.26/turn                (no ring)
MPRegen 0.11/turn                (no ring)

@: wreathed by umbra
A: fangs 1, strong nose, distributed training, see invisible, agile 1,
electricity resistance
a: Renounce Religion, Shadow Step


You were on level 3 of the Dungeon.
You worshipped Dithmenos.
Dithmenos was pleased with you.
You visited 1 branch of the dungeon, and saw 3 of its levels.

You collected 133 gold pieces.

Inventory:

Hand Weapons
 a - a +1 sling (weapon)
 b - a +0 dagger
 f - a +0 short sword
Missiles
 i - 19 stones
 m - 6 poisoned darts
Armour
 c - a +0 robe (worn)
 e - a +0 chain mail
 g - a +0 ring mail
 j - a +1 pair of boots (worn)
 p - a +0 kite shield
Scrolls
 h - a scroll of magic mapping
 k - a scroll of summoning {unknown}
 l - a scroll of poison
Potions
 d - a potion of cancellation {unknown}
 n - 2 potions of curing {unknown}
 o - a potion of brilliance {unknown}


   Skills:
 + Level 3.1 Fighting
 + Level 1.7 Short Blades
 + Level 1.7 Long Blades
 + Level 1.7 Axes
 + Level 1.7 Maces & Flails
 + Level 1.7 Polearms
 + Level 1.7 Staves
 + Level 4.9 Ranged Weapons
 + Level 1.7 Throwing
 + Level 1.7 Armour
 + Level 4.9 Dodging
 + Level 1.7 Stealth
 + Level 1.7 Shields
 + Level 1.7 Unarmed Combat
 + Level 3.3 Spellcasting
 + Level 1.3 Conjurations
 + Level 5.6 Hexes
 + Level 1.3 Summonings
 + Level 1.3 Necromancy
 + Level 1.3 Translocations
 + Level 1.3 Transmutations
 + Level 1.3 Fire Magic
 + Level 1.3 Ice Magic
 + Level 1.3 Air Magic
 + Level 1.3 Earth Magic
 + Level 1.3 Poison Magic
 + Level 2.0 Invocations
 + Level 1.7 Evocations


You had 3 spell levels left.
You knew the following spells:

 Your Spells              Type           Power      Damage    Failure   Level
a - Slow                  Hex            56%        N/A       2%          1
b - Inner Flame           Hex/Fire       9%         N/A       19%         3
c - Portal Projectile     Hex/Tloc       18%        N/A       19%         3

Your spell library contained the following spells:

 Spells                   Type           Power      Damage    Failure   Level
 Cause Fear               Hex            7%         N/A       26%         4


Dungeon Overview and Level Annotations

Branches:
Dungeon (3/15)

Altars:
Dithmenos


Innate Abilities, Weirdness & Mutations

You have very sharp teeth.
Your uncanny sense of smell can sniff out nearby items.
Your experience applies equally to all skills.
You have supernaturally acute eyesight. (SInv)
You are agile. (Dex +4, Str/Int -1)
You are resistant to electric shocks. (rElec)


Message History

The orc is moderately wounded.
A frilled lizard comes into view.
An orc wizard comes into view. It is wielding a +0 dagger.
The orc is engulfed in blazing flames.
Dithmenos accepts your kill.
The orc explodes!
The fiery explosion engulfs the orc priest!!
You kill the orc priest!
Dithmenos accepts your kill.
The orc wizard shouts!
The frilled lizard hisses angrily.
You hear a shout!
Your Invocations skill increases to level 2!
Unknown command.
Unknown command.
Press: ? - help, v - describe, . - travel
Here: an orc priest, wielding a +2 whip of venom and wearing a +0 chain mail (umbra)
The floor.
Unknown command.
Unknown command.
Okay, then.
Unknown command.
Casting: Slow (safe; 2% risk of failure)
Confirm with . or Enter, or press ? or * to list all spells.
Aiming: Slow (safe; 2% risk of failure)
Press: ? - help, Shift-Dir - straight line, f - orc priest
Aim: an orc priest, wielding a +2 whip of venom and wearing a +0 chain mail (umbra, chance to affect: 48%)
The orc priest resists with some effort.
The orc priest barely misses you. The orc hits you with a +0 short sword.
Unknown command.
Casting: Slow (safe; 2% risk of failure)
Confirm with . or Enter, or press ? or * to list all spells.
Aiming: Slow (safe; 2% risk of failure)
Press: ? - help, Shift-Dir - straight line, f/p - orc priest
Aim: an orc priest, wielding a +2 whip of venom and wearing a +0 chain mail (umbra, chance to affect: 48%)
The orc priest resists with some effort.
The orc priest calls down the wrath of Beogh upon you.
Pain shoots through your body!
* * * LOW HITPOINT WARNING * * *
The orc wizard casts a spell at you. The magic dart hits you.
You die...

#.#........##.........
#.....................
....#.#####...........
#.#.#...........#####
#........##.....#
.........##.....########
#........##.............
#........##..[..........
#........######o@.......
..#############§o.......
....# #......°.........
....# #......§§........
....# #......l.........
....# #....o.....######
....# #.?........# ....#
#.....?....# ....#
#..........#


You could see an orc priest, an orc wizard, an orc and a frilled lizard.

Vanquished Creatures
  A hound (D:3)
  2 orc priests (D:3)
  Terence (D:2)
  2 adders
  A worm (D:3)
  A dart slug (D:1)
  5 orcs (D:3)
  6 ball pythons
  7 endoplasms
  3 giant cockroaches
  9 goblins
  5 hobgoblins
  7 jackals (D:1)
  3 quokkas
  4 frilled lizards
  10 kobolds
  A rat (D:2)
68 creatures vanquished.

Notes
Turn   | Place    | Note
-------+----------+-------------------------------------------
     0 | D:1      | jfcaron the Gnoll Hexslinger began the quest for the Orb.
     0 | D:1      | Reached XP level 1. HP: 17/17 MP: 4/4
    65 | D:1      | Reached XP level 2. HP: 23/23 MP: 5/5
   144 | D:1      | Found a faded altar of an unknown god.
   162 | D:1      | Prayed at the altar of an unknown god.
   162 | D:1      | Became a worshipper of Dithmenos the Shadowed
   162 | D:1      | Reached * piety under Dithmenos
   376 | D:1      | Reached XP level 3. HP: 28/28 MP: 7/7
   380 | D:1      | Learned a level 3 spell: Inner Flame
   384 | D:1      | Learned a level 3 spell: Portal Projectile
   447 | D:1      | Reached skill level 1 in Invocations
   646 | D:1      | Reached skill level 1 in Short Blades
   646 | D:1      | Reached skill level 1 in Long Blades
   646 | D:1      | Reached skill level 1 in Axes
   646 | D:1      | Reached skill level 1 in Maces & Flails
   646 | D:1      | Reached skill level 1 in Polearms
   646 | D:1      | Reached skill level 1 in Staves
   646 | D:1      | Reached skill level 1 in Throwing
   646 | D:1      | Reached skill level 1 in Armour
   646 | D:1      | Reached skill level 1 in Stealth
   646 | D:1      | Reached skill level 1 in Shields
   646 | D:1      | Reached skill level 1 in Unarmed Combat
   646 | D:1      | Reached skill level 1 in Evocations
  1128 | D:2      | Noticed Terence
  1129 | D:2      | Reached XP level 4. HP: 34/34 MP: 8/8
  1155 | D:2      | Killed Terence
  1156 | D:2      | Reached skill level 1 in Conjurations
  1156 | D:2      | Reached skill level 1 in Summonings
  1156 | D:2      | Reached skill level 1 in Necromancy
  1156 | D:2      | Reached skill level 1 in Translocations
  1156 | D:2      | Reached skill level 1 in Transmutations
  1156 | D:2      | Reached skill level 1 in Fire Magic
  1156 | D:2      | Reached skill level 1 in Ice Magic
  1156 | D:2      | Reached skill level 1 in Air Magic
  1156 | D:2      | Reached skill level 1 in Earth Magic
  1156 | D:2      | Reached skill level 1 in Poison Magic
  1466 | D:3      | Gained mutation: You are resistant to electric shocks.
                  | (rElec) [potion of mutation]
  1466 | D:3      | Gained mutation: You are agile. (Dex +4, Str/Int -1)
                  | [potion of mutation]
  1466 | D:3      | Gained mutation: You have supernaturally acute eyesight.
                  | (SInv) [potion of mutation]
  1529 | D:3      | Reached XP level 5. HP: 37/40 MP: 9/9
  1573 | D:3      | Reached ** piety under Dithmenos
  1863 | D:3      | HP: 4/41 [orc priest/nerve-wracking pain (14)]
  1863 | D:3      | Killed from afar by an orc wizard

Illustrated notes

Levels and vault maps discovered:
D:1:      amcnicky_arrival_abandoned_market, layout_rooms,
          hellmonk_ecumenical_altar_dog_temple, minmay_misc_feat_columns
D:2:      layout_rooms, grunt_decor_fettered, dk_noncrumbling_2, uniq_terence
D:3:      layout_basic

Skill      XL: |  1  2  3  4  5 |
---------------+----------------+-----
Invocations    | 1 2 |  2.0
Short Blades   | 1 |  1.7
Long Blades    | 1 |  1.7
Axes           | 1 |  1.7
Maces & Flails | 1 |  1.7
Polearms       | 1 |  1.7
Staves         | 1 |  1.7
Throwing       | 1 |  1.7
Armour         | 1 |  1.7
Stealth        | 1 |  1.7
Shields        | 1 |  1.7
Unarmed Combat | 1 |  1.7
Evocations     | 1 |  1.7
Spellcasting   | 3 |  3.3
Conjurations   | 1 |  1.3
Summonings     | 1 |  1.3
Necromancy     | 1 |  1.3
Translocations | 1 |  1.3
Transmutations | 1 |  1.3
Fire Magic     | 1 |  1.3
Ice Magic      | 1 |  1.3
Air Magic      | 1 |  1.3
Earth Magic    | 1 |  1.3
Poison Magic   | 1 |  1.3
Fighting       | 3 |  3.1
Ranged Weapons | |  4.9
Dodging        | |  4.9
Hexes          | |  5.6

Action                   |  1- 3 |  4- 6 || total
-------------------------+-------+-------++-------
Melee: Dagger            |     1 |       ||     1
 Fire: Sling             |   138 |    71 ||   209
Throw: Dart              |       |     6 ||     6
 Cast: Slow              |       |     9 ||     9
       Inner Flame       |       |     1 ||     1
  Use: Scroll            |     1 |     3 ||     4
       Potion            |       |     1 ||     1
 Stab: Sleeping          |     1 |       ||     1
Armor: Robe              |     9 |     4 ||    13
Dodge: Dodged            |    20 |    22 ||    42

Table legend: (Time is in decaauts)
 A = Elapsed time spent in this place.
 B = Non-inter-level travel time spent in this place.
 C = Inter-level travel time spent in this place.
 D = Time resting spent in this place.
 E = Time spent auto-exploring this place.
 F = Levels seen in this place.
 G = Mean time per level.
                   A        B        C        D        E       F      G
               +--------+--------+--------+--------+--------+-----+--------+
         Total |   1894 |   1748 |    146 |    136 |   1195 |   3 |  631.3 |
       Dungeon |   1894 |   1748 |    146 |    136 |   1195 |   3 |  631.3 |
               +--------+--------+--------+--------+--------+-----+--------+

Top non-repeatable levels by time:
     D:2: 763 daAuts
     D:1: 746 daAuts
     D:3: 384 daAuts
